 Dungeon Crawl Stone Soup version 0.31.0-32-g396128a36d (webtiles) character file.

Game seed: 16667393135285288257

3123 Alphaeus the Grappler (level 9, -5/61 HPs)
             Began as an Octopode Shapeshifter on Mar 19, 2024.
             Was an Initiate of Gozag.
             Slain by a komodo dragon (6 damage)
             ... on level 7 of the Dungeon.
             The game lasted 00:05:29 (6663 turns).

Alphaeus the Grappler (Octopode Shapeshifter)       Turns: 6663, Time: 00:05:30

Health: -5/61      AC:  1    Str: 18    XL:     9   Next: 91%
Magic:  0/9        EV: 14    Int: 12    God:    Gozag
Gold:   351        SH:  0    Dex: 11    Spells: 8/8 levels left

rFire   . .          .
                       - Unarmed
rCold   + . .        (no shield)
rNeg    . . .        (helmet currently unavailable)
rPois   .            w - amulet of guardian spirit
rElec   .            f - ring of see invisible
rCorr   .            m - ring of protection from cold
SInv    +            (no ring)
Will    .....        (no ring)
Stlth   ++           (no ring)
HPRegen 0.30/turn    (no ring)
MPRegen 0.11/turn    (no ring)
                     (no ring)

%: guardian spirit
@: beast-form, gold aura, studying Staves
A: beast (slay +4), almost no armour, amphibious, 8 rings, camouflage 1,
gelatinous body 1, (nimble swimmer 1), tentacles
a: Begin Untransformation, Renounce Religion, Potion Petition, Call Merchant,
Bribe Branch


You were on level 7 of the Dungeon.
You worshipped Gozag.
Gozag was aware of your devotion.
You were a hulking beast.
You visited 2 branches of the dungeon, and saw 8 of its levels.

You collected 457 gold pieces.
You paid 106 gold pieces to Gozag.

Inventory:

Jewellery
 f - a ring of see invisible (left tentacle)
 m - a ring of protection from cold (right tentacle)
 r - a ring of poison resistance
 w - an amulet of guardian spirit (around mantle)
Talismans
 b - a beast talisman
 c - a flux talisman
 x - a blade talisman
Wands
 a - a wand of mindburst (20)
 k - a wand of charming (6)
 u - a wand of roots (16)
Scrolls
 d - 2 scrolls of enchant armour
 e - a scroll of silence {unknown}
 g - a scroll of brand weapon {unknown}
 h - 6 scrolls of blinking {unknown}
 j - 4 scrolls of teleportation {unknown}
 n - 3 scrolls of identify {unknown}
 o - 3 scrolls of revelation {unknown}
 p - a scroll of summoning {unknown}
 q - a scroll of torment {unknown}
 s - a scroll of poison {unknown}
 t - a scroll of fear {unknown}
 y - 2 scrolls of fog {unknown}
Potions
 i - 2 potions of berserk rage {unknown}
 l - a potion of brilliance {unknown}
 v - 2 potions of degeneration {unknown}
 z - a potion of magic {unknown}


   Skills:
 + Level 5.3 Fighting
 + Level 5.7 Dodging
 * Level 8.5 Unarmed Combat
 * Level 7.8 Shapeshifting


You had 8 spell levels left.
You didn't know any spells.
Your spell library contained the following spells:

 Spells                   Type           Power      Damage    Failure   Level
 Shock                    Conj/Air       0%         1d3       32%         1
 Summon Small Mammal      Summ           0%         N/A       32%         1
 Blink                    Tloc           0%         N/A       45%         2
 Lesser Beckoning         Tloc           0%         N/A       45%         2
 Momentum Strike          Conj/Tloc      0%         3d8       45%         2
 Sublimation of Blood     Necr           0%         N/A       45%         2
 Call Canine Familiar     Summ           0%         N/A       69%         3
 Dazzling Flash           Conj/Hex       0%         N/A       69%         3
 Inner Flame              Hex/Fire       0%         N/A       69%         3
 Volatile Blastmotes      Fire/Tloc      0%         2d10      69%         3
 Flame Wave               Conj/Fire      0%         2d4       97%         4
 Petrify                  Alch/Erth      0%         N/A       97%         4
 Sticky Flame             Fire/Alch      0%         2d4       97%         4
 Summon Blazeheart Golem  Fire/Summ      0%         N/A       97%         4
 Summon Lightning Spire   Summ/Air       0%         N/A       97%         4
 Irradiate                Conj/Alch      0%         3d11      100%        5
 Lee's Rapid Deconstruct  Erth           0%         3d4*      100%        5
 Starburst                Conj/Fire      0%         6d3       100%        6
 Ignition                 Fire           0%         3d3       100%        8
 Maxwell's Capacitive Co  Air            0%         ∞         100%        8
 Animate Armour           Summ/Erth      Unusable   N/A       N/A         4

Dungeon Overview and Level Annotations

Branches:
Dungeon (7/15)             Temple (1/1) D:6

Altars:
Ashenzari
Cheibriados
Dithmenos
Elyvilon
Fedhas
Gozag
Hepliaklqana
Kikubaaqudgha
Makhleb
Nemelex Xobeh
Qazlal
Ru
Sif Muna
Trog
Uskayaw
Vehumet
Xom
Yredelemnul
Zin
Lugonu

Shops:
D:5 (=   D:6 [


Innate Abilities, Weirdness & Mutations

You are a hulking beast.
Your limbs bulge with bestial killing power. (Slay +4)
You cannot wear most types of armour.
You are amphibious.
You can wear up to eight rings at the same time.
Your skin changes colour to match your surroundings (Stealth+).
Your rubbery body absorbs attacks. (AC +1, EV +1)
((You are camouflaged when in or above water. (Stealth+)))
You have tentacles for arms and can constrict up to eight enemies at once.


Message History

There is an open door here.
There is an open door here.
There is an open door here.
A white imp comes into view.
The white imp shouts!
A komodo dragon comes into view.
There are monsters nearby!
The white imp gestures at you. The puff of frost misses you.
The komodo dragon hisses angrily.
Found a scale mail.
You bludgeon the white imp! Your grab misses the white imp.
The white imp is severely wounded.
The white imp hits you. The white imp freezes you. You resist.
You completely miss the white imp. You grab the white imp.
You squeeze the white imp.
You kill the white imp!
You tentacle-slap the komodo dragon.
The komodo dragon is lightly wounded.
The komodo dragon bites you!!
You are too injured to fight recklessly!
You are too injured to fight recklessly!
You are too injured to fight recklessly!
You are too injured to fight recklessly!
You are too injured to fight recklessly!
You bludgeon the komodo dragon! You squeeze the komodo dragon.
The komodo dragon is moderately wounded.
You tentacle-slap the komodo dragon.
The komodo dragon is heavily wounded.
The komodo dragon bites you!!
* * * LOW HITPOINT WARNING * * *
Okay, then.
Okay, then.
As you read the scroll labelled ROUTAO RUYXINWAO, it crumbles to dust.
It is a scroll of enchant armour.
You aren't carrying any armour which can be enchanted further.
The komodo dragon hisses menacingly.
The komodo dragon bites you.
You die...
Your body crumbles into a pile of gold.

#...#.......
#...#.....).
#...#.....<.
#...#.......
.#######+########.......
.....................###
.............>.......#..
.....................#..
......lh.............#..
.....................##.
......#######'###.....#.
......#...#.....#.....#.
....[ #...#.....#.....#.
..... #...'.....#.....'.
.... #...#.....'.....#.
.... #...#.....#.....#.
#..########.....#.


You could see a komodo dragon.

Vanquished Creatures
  Maggie (D:6)
  Sigmund (D:6)
  4 yaks (D:5)
  A steam dragon (D:7)
  Menkaure (D:5)
  Edmund (D:6)
  A water moccasin (D:6)
  2 ice beasts (D:7)
  2 black bears (D:5)
  2 ogres (D:5)
  2 phantoms
  A scorpion (D:4)
  4 howler monkeys
  A crimson imp (D:7)
  4 hounds
  A jelly (D:7)
  2 bombardier beetles
  A sleepcap (D:5)
  2 iguanas
  4 orc wizards
  5 gnolls
  11 adders
  2 white imps
  2 ufetubi (D:6)
  A dart slug (D:2)
  2 ribbon worms (D:2)
  10 orcs
  20 ball pythons
  9 endoplasms
  2 giant cockroaches
  7 goblins
  6 hobgoblins
  2 jackals (D:2)
  3 quokkas
  A bat (D:2)
  2 frilled lizards
  11 kobolds
  4 rats
138 creatures vanquished.

Notes
Turn   | Place    | Note
-------+----------+-------------------------------------------
     0 | D:1      | Alphaeus the Octopode Shapeshifter began the quest for the
                  | Orb.
     0 | D:1      | Reached XP level 1. HP: 13/13 MP: 1/1
   119 | D:1      | Found a faded altar of an unknown god.
   122 | D:1      | Reached XP level 2. HP: 14/18 MP: 2/2
   496 | D:1      | Reached XP level 3. HP: 23/23 MP: 3/3
   966 | D:2      | Found a hazy altar of Hepliaklqana.
  1248 | D:2      | Reached XP level 4. HP: 28/28 MP: 4/4
  1472 | D:3      | Found a bloodstained altar of Trog.
  1762 | D:3      | Found a basalt altar of Yredelemnul.
  1802 | D:3      | Found a hazy altar of Hepliaklqana.
  2000 | D:3      | Reached skill level 4 in Unarmed Combat
  2044 | D:3      | Reached XP level 5. HP: 25/34 MP: 5/5
  2304 | D:4      | Found a sparkling altar of Nemelex Xobeh.
  2366 | D:4      | Reached XP level 6. HP: 17/40 MP: 6/6
  2531 | D:4      | Found a shimmering blue altar of Sif Muna.
  2562 | D:4      | Got Sif Muna's Handbook of the Sky
  2958 | D:4      | Reached skill level 5 in Unarmed Combat
  3233 | D:5      | Entered Level 5 of the Dungeon
  3323 | D:5      | Reached XP level 7. HP: 36/45 MP: 5/7
  3389 | D:5      | Reached skill level 5 in Shapeshifting
  3704 | D:5      | Noticed a yak
  3705 | D:5      | Noticed a yak
  3706 | D:5      | Noticed a yak
  3707 | D:5      | Noticed a yak
  3717 | D:5      | HP: 2/69 [yak (5)]
  3726 | D:5      | Killed a yak
  3727 | D:5      | Reached skill level 6 in Unarmed Combat
  3727 | D:5      | Reached XP level 8. HP: 19/52 MP: 1/8
  3730 | D:5      | Killed a yak
  3738 | D:5      | Killed a yak
  3743 | D:5      | Killed a yak
  3896 | D:5      | Found Maockaotu's Jewellery Shoppe.
  3946 | D:5      | Noticed Menkaure
  3954 | D:5      | Killed Menkaure
  3983 | D:5      | Reached skill level 7 in Unarmed Combat
  4121 | D:5      | Found Hoehiuck's Antique Weapon Emporium.
  4198 | D:5      | Found a radiant altar of Vehumet.
  4214 | D:5      | Reached XP level 9. HP: 59/59 MP: 9/9
  4380 | D:5      | Identified the staff of the Scorpion {Str+2 Int+3 Dex+3
                  | Conj Earth}
  4566 | D:5      | Found a shimmering altar of Xom.
  4856 | D:6      | Found a staircase to the Ecumenical Temple.
  4872 | Temple   | Entered the Ecumenical Temple
  4890 | D:6      | Found a broken altar of Ashenzari.
  4956 | D:6      | Found Isameir's Armour Shoppe.
  4973 | D:6      | Reached skill level 5 in Dodging
  5027 | D:6      | Found a sacrificial altar of Ru.
  5039 | D:6      | Noticed Edmund
  5049 | D:6      | Killed Edmund
  5190 | D:6      | Noticed Sigmund
  5195 | D:6      | Killed Sigmund
  5239 | D:6      | Found an opulent altar of Gozag.
  5239 | D:6      | Noticed Maggie
  5250 | D:6      | Killed Maggie
  5251 | D:6      | Reached skill level 8 in Unarmed Combat
  5255 | D:6      | Became a worshipper of Gozag Ym Sagoz the Greedy
  5860 | D:7      | Reached skill level 5 in Fighting
  5878 | D:7      | Found a shadowy altar of Dithmenos.
  5931 | D:7      | HP: 3/61 [steam dragon (6)]
  6343 | D:7      | Found a burning altar of Makhleb.
  6654 | D:7      | Noticed a komodo dragon
  6662 | D:7      | HP: 1/61 [komodo dragon (28)]
  6663 | D:7      | Slain by a komodo dragon

Illustrated notes

Levels and vault maps discovered:
D:1:      roderic_chinese_lattice_arrival, layout_basic, basic_ecumenical_altar
D:2:      layout_basic, basic_altar, cheibrodos_gnoll_hut
D:3:      layout_basic, yredelemnul_altar_generic, trog_book,
          worldfamousw_hep_ancestral_shrine, minmay_misc_feat_plants,
          minmay_snake_closets
D:4:      layout_cave_pools, led_sif_book, nemelex_dance_club_becter,
          serial_column_ruins, column_ruins_corridor_corner,
          column_ruins_open_small_water, column_ruins_open_small,
          column_ruins_columns_corner, column_ruins_columns_T,
          column_ruins_corridor_dead_end, column_ruins_columns_straight
D:5:      layout_basic, lemuel_crystal_altar, mainiacjoe_overflow_paths,
          serial_shops, nicolae_shop_waterfront,
          minmay_shop_enchanted_jewellery, uniq_menkaure
D:6:      layout_basic, nicolae_ru_awakened_eye,
          mainiacjoe_overflow_concentric_impassable,
          mainiacjoe_overflow_boulevard, minmay_temple_entry_grid, serial_shops,
          nicolae_shop_behind_doors, uniq_edmund, uniq_maggie, uniq_sigmund
D:7:      layout_gridville, makhleb_grotto_becter, mainiacjoe_overflow_alcove_1
Temple:   corrupted_temple

Skill      XL: |  1  2  3  4  5  6  7  8  9 |
---------------+----------------------------+-----
Unarmed Combat | 4 5 6 7 8 |  8.5
Fighting       | 2 3 4 5 |  5.3
Shapeshifting  | 4 5 6 7 |  7.8
Dodging        | 3 4 5 |  5.7

Action                     |  1- 3 |  4- 6 |  7- 9 || total
---------------------------+-------+-------+-------++-------
  Melee: Unarmed           |    68 |   121 |   157 ||   346
         Constrict         |    18 |    25 |    23 ||    66
         Tentacles         |    15 |    19 |    38 ||    72
         Punch             |     2 |     3 |    13 ||    18
    Use: Potion            |       |       |     8 ||     8
         Scroll            |       |       |     2 ||     2
   Stab: Sleeping          |     7 |     9 |     8 ||    24
 Armour: Skin              |    21 |    56 |   101 ||   178
  Dodge: Dodged            |    26 |    69 |    80 ||   175
